[Event "26th Abu Dhabi Master 2019"]
[Site "Abu Dhabi"]
[Date "2019.08.05"]
[Round "5.33"]
[White "Costachi, Mihnea"]
[Black "Mullick, Raahil"]
[Result "1/2-1/2"]
[ECO "D15"]
[WhiteElo "2471"]
[BlackElo "2211"]
[Annotator "ChessBase"]
[PlyCount "41"]
[EventDate "2019.08.02"]
[EventType "swiss"]
[EventCountry "UAE"]
[SourceTitle "playchess.com"]
[Source "ChessBase"]
[SourceQuality "1"]
[TimeControl "5400+30"]

1. d4 d5 2. c4 c6 3. Nf3 Nf6 4. Nc3 dxc4 5. e4 b5 6. Be2 e6 7. O-O Be7 8. a4 b4 9. e5 Nd5 10. Ne4 Ba6 11. Bd2 c5 12. Qc1 c3 13. Bxa6 Nxa6 14. bxc3 bxc3 15. Bxc3 Rc8 16. Qb2 O-O 17. dxc5 Nxc5 18. Nxc5 Bxc5 19. Bd4 Rb8 20. Qd2 Bb4 21. Qd3 1/2-1/2

[Event "26th Abu Dhabi Master 2019"]
[Site "Abu Dhabi"]
[Date "2019.08.05"]
[Round "5.39"]
[White "Laxman, R.R."]
[Black "Aaryan Varshney"]
[Result "1-0"]
[ECO "A46"]
[WhiteElo "2429"]
[BlackElo "2284"]
[Annotator "NA"]
[PlyCount "125"]
[EventDate "2019.08.02"]
[EventType "swiss"]
[EventCountry "UAE"]
[SourceTitle "playchess.com"]
[Source "ChessBase"]
[SourceQuality "1"]
[TimeControl "5400+30"]

1. d4 Nf6 2. Nf3 e6 3. c4 d5 4. g3 Bb4+ 5. Bd2 Be7 6. Bg2 O-O 7. O-O c6 8. Bf4 b6 9. Qc2 Nbd7 10. Rd1 Bb7 11. b3 Rc8 12. Nc3 c5 13. cxd5 cxd4 14. Nxd4 Nxd5 15. Bxd5 Bxd5 16. Qb2 Bb7 17. Ndb5 a6 18. Nd6 Bxd6 19. Rxd6 Qe7 20. Rad1 Bc6 21. Na4 Bxa4 22. bxa4 Nc5 23. Qb4 a5 24. Qd4 f6 25. Be3 e5 26. Qd5+ Kh8 27. Qc4 Rfd8 28. Bxc5 bxc5 29. Qxc5 Qf8 30. Rxd8 Rxd8 31. Rd5 h6 32. Qxa5 Ra8 33. Qd2 Qc8 34. a5 h5 35. h4 Kh7 36. Qd3+ Kh6 37. Kg2 Qc6 38. Qe3+ Kh7 39. Qe4+ Kh6 40. f3 Rb8 41. Rxe5 Qxe4 42. Rxe4 Rb2 43. a4 f5 44. Re5 Ra2 45. Re6+ g6 46. Re7 Rxa4 47. Ra7 Ra2 48. Kf2 Ra4 49. a6 Ra3 50. Ra8 Kg7 51. e4 fxe4 52. fxe4 Kf7 53. a7 Kg7 54. e5 Ra2+ 55. Ke3 Ra3+ 56. Kd4 Ra4+ 57. Kc5 Ra1 58. e6 Rc1+ 59. Kd4 Rd1+ 60. Kc3 Ra1 61. e7 Re1 62. e8=Q Rxe8 63. Rxe8 1-0

[Event "26th Abu Dhabi Master 2019"]
[Site "Abu Dhabi"]
[Date "2019.08.05"]
[Round "5.44"]
[White "Tashkhodzhaev, Akram"]
[Black "Ni, Shiqun"]
[Result "1/2-1/2"]
[ECO "B15"]
[WhiteElo "2123"]
[BlackElo "2407"]
[Annotator "NA"]
[PlyCount "71"]
[EventDate "2019.08.02"]
[EventType "swiss"]
[EventCountry "UAE"]
[SourceTitle "playchess.com"]
[Source "ChessBase"]
[SourceQuality "1"]
[TimeControl "5400+30"]

1. e4 c6 2. d4 d5 3. Nd2 dxe4 4. Nxe4 Nf6 5. Nxf6+ exf6 6. Bc4 Bd6 7. Qe2+ Qe7 8. Qxe7+ Kxe7 9. Ne2 Bf5 10. c3 Re8 11. Bf4 Bxf4 12. Nxf4 Kf8+ 13. Kd2 c5 14. dxc5 Nc6 15. Rae1 Ne5 16. Bb5 Rec8 17. c6 bxc6 18. Be2 Rcb8 19. Kc1 a5 20. Rd1 Rb6 21. f3 h6 22. Rd2 Ke7 23. Re1 g5 24. Bd3 Be6 25. Nxe6 fxe6 26. Bf1 h5 27. Re4 Ng6 28. Ra4 c5 29. Rc4 Rc8 30. Ra4 Ra8 31. Rc4 Rc8 32. Ra4 Ra8 33. Re4 Ne5 34. g3 f5 35. Red4 Ng6 36. Ra4 1/2-1/2

[Event "26th Abu Dhabi Master 2019"]
[Site "Abu Dhabi"]
[Date "2019.08.05"]
[Round "5.52"]
[White "Kushagra Mohan"]
[Black "Kulkarni, Rakesh"]
[Result "1/2-1/2"]
[ECO "B01"]
[WhiteElo "2250"]
[BlackElo "2360"]
[Annotator "NA"]
[PlyCount "36"]
[EventDate "2019.08.02"]
[EventType "swiss"]
[EventCountry "UAE"]
[SourceTitle "playchess.com"]
[Source "ChessBase"]
[SourceQuality "1"]
[TimeControl "5400+30"]

1. e4 d5 2. exd5 Qxd5 3. Nc3 Qd8 4. d4 Nf6 5. Nf3 g6 6. Be2 Bg7 7. O-O O-O 8. h3 Nc6 9. Bf4 b6 10. Qd2 Bb7 11. Rad1 Nb4 12. a3 Nbd5 13. Nxd5 Nxd5 14. Be5 e6 15. c4 Nf6 16. Rfe1 Qe7 17. Qe3 Rfd8 18. Bd3 Rac8 1/2-1/2

[Event "26th Abu Dhabi Master 2019"]
[Site "Abu Dhabi"]
[Date "2019.08.05"]
[Round "5.55"]
[White "Moksh Amit Doshi"]
[Black "Pujari, Rucha"]
[Result "1/2-1/2"]
[ECO "D37"]
[WhiteElo "2229"]
[BlackElo "2268"]
[Annotator "NA"]
[PlyCount "116"]
[EventDate "2019.08.02"]
[EventType "swiss"]
[EventCountry "UAE"]
[SourceTitle "playchess.com"]
[Source "ChessBase"]
[SourceQuality "1"]
[TimeControl "5400+30"]

1. d4 d5 2. c4 e6 3. Nf3 Nf6 4. Nc3 Be7 5. Bf4 O-O 6. e3 Nbd7 7. Be2 dxc4 8. O-O a6 9. a4 c5 10. d5 exd5 11. Nxd5 Nxd5 12. Qxd5 Nf6 13. Qxd8 Rxd8 14. Bc7 Rd7 15. Ba5 b6 16. Bxb6 Rb7 17. a5 Nd7 18. Bxc4 Nxb6 19. axb6 Rxb6 20. Ne5 Rxb2 21. Bxf7+ Kf8 22. Bc4 a5 23. Rfc1 a4 24. Ra3 Bf5 25. Bd5 Rab8 26. e4 Rb1 27. Rf1 Bf6 28. Nc6 Rxf1+ 29. Kxf1 Rb1+ 30. Ke2 Rb2+ 31. Kd3 Bd7 32. f4 Rb6 33. Na5 Bd4 34. e5 Ke7 35. g4 Ra6 36. Nb7 Bxg4 37. Ra2 Bh3 38. Nd6 g6 39. Bb7 Rb6 40. Rxa4 Bf1+ 41. Kd2 Rb2+ 42. Kc1 Rxh2 43. Bf3 Rf2 44. Bd5 Be3+ 45. Kd1 Rd2+ 46. Ke1 Rxd5 47. Kxf1 Rd4 48. Ra7+ Ke6 49. Rxh7 Bxf4 50. Nb7 c4 51. Rc7 Bxe5 52. Rc6+ Kf5 53. Na5 c3 54. Rc5 Ke4 55. Nc6 Rd1+ 56. Ke2 Rd2+ 57. Ke1 Bg3+ 58. Kf1 c2 1/2-1/2

[Event "26th Abu Dhabi Master 2019"]
[Site "Abu Dhabi"]
[Date "2019.08.05"]
[Round "5.56"]
[White "Utsab Chatterjee"]
[Black "Kathmale, Sameer"]
[Result "0-1"]
[ECO "B19"]
[WhiteElo "2150"]
[BlackElo "2326"]
[Annotator "NA"]
[PlyCount "56"]
[EventDate "2019.08.02"]
[EventType "swiss"]
[EventCountry "UAE"]
[SourceTitle "playchess.com"]
[Source "ChessBase"]
[SourceQuality "1"]
[TimeControl "5400+30"]

1. e4 c6 2. d4 d5 3. Nc3 dxe4 4. Nxe4 Bf5 5. Ng3 Bg6 6. h4 h6 7. Nf3 Nd7 8. h5 Bh7 9. Bd3 Bxd3 10. Qxd3 e6 11. Bd2 Ngf6 12. O-O-O Be7 13. c4 b5 14. Ne4 bxc4 15. Nxf6+ Nxf6 16. Qxc4 Qd5 17. Qa4 O-O 18. Ne5 Rfc8 19. Be3 c5 20. Kb1 Rab8 21. Qc4 Qb7 22. Qe2 c4 23. Ka1 Nd5 24. Rb1 Nb4 25. Rbc1 Qa6 26. b3 cxb3 27. Qxa6 b2+ 28. Kxb2 Nc2+ 0-1

[Event "26th Abu Dhabi Master 2019"]
[Site "Abu Dhabi"]
[Date "2019.08.05"]
[Round "5.58"]
[White "Srijit Paul"]
[Black "Chitlange Sakshi"]
[Result "0-1"]
[ECO "A03"]
[WhiteElo "2298"]
[BlackElo "2168"]
[Annotator "NA"]
[PlyCount "74"]
[EventDate "2019.08.02"]
[EventType "swiss"]
[EventCountry "UAE"]
[SourceTitle "playchess.com"]
[Source "ChessBase"]
[SourceQuality "1"]
[TimeControl "5400+30"]

1. f4 d5 2. Nf3 g6 3. g3 Bg7 4. Bg2 c5 5. O-O Nc6 6. d3 Nf6 7. Nc3 O-O 8. Bd2 d4 9. Na4 Qd6 10. c4 b6 11. a3 Bb7 12. Rb1 Rab8 13. b4 Ba8 14. bxc5 bxc5 15. Qc2 Rfc8 16. Rb5 Nd8 17. Rfb1 Rxb5 18. Rxb5 Nd7 19. Ng5 Bxg2 20. Kxg2 f5 21. e4 Qc6 22. Nf3 fxe4 23. dxe4 a6 24. Rb1 d3 25. Qd1 Qxe4 26. Qe1 Qxc4 27. Qxe7 Qxa4 28. Qe8+ Bf8 29. Bc3 Qc2+ 30. Kh3 Qxb1 31. Qxd7 Qb7 32. Qxd3 c4 33. Qe3 Qd7+ 34. Kg2 Bg7 35. Ne5 Qd5+ 36. Kh3 Qe6+ 37. g4 Nf7 0-1

[Event "26th Abu Dhabi Master 2019"]
[Site "Abu Dhabi"]
[Date "2019.08.05"]
[Round "5.59"]
[White "Panesar Vedant"]
[Black "Gajwa Ankit"]
[Result "1/2-1/2"]
[ECO "D90"]
[WhiteElo "2092"]
[BlackElo "2302"]
[Annotator "NA"]
[PlyCount "39"]
[EventDate "2019.08.02"]
[EventType "swiss"]
[EventCountry "UAE"]
[SourceTitle "playchess.com"]
[Source "ChessBase"]
[SourceQuality "1"]
[TimeControl "5400+30"]

1. d4 Nf6 2. c4 g6 3. Nc3 d5 4. Nf3 Bg7 5. h4 O-O 6. cxd5 Nxd5 7. h5 c5 8. hxg6 hxg6 9. Bh6 Bxh6 10. Rxh6 Nxc3 11. bxc3 cxd4 12. Qd2 Kg7 13. cxd4 Nc6 14. Rh5 gxh5 15. Qg5+ Kh7 16. Qxh5+ Kg7 17. Qg5+ Kh7 18. Qh5+ Kg7 19. Qg5+ Kh7 20. Qh5+ 1/2-1/2

[Event "26th Abu Dhabi Master 2019"]
[Site "Abu Dhabi"]
[Date "2019.08.05"]
[Round "5.61"]
[White "Soham Kamotra"]
[Black "Bhambure, Shantanu"]
[Result "1/2-1/2"]
[ECO "A05"]
[WhiteElo "2136"]
[BlackElo "2275"]
[Annotator "NA"]
[PlyCount "77"]
[EventDate "2019.08.02"]
[EventType "swiss"]
[EventCountry "UAE"]
[SourceTitle "playchess.com"]
[Source "ChessBase"]
[SourceQuality "1"]
[TimeControl "5400+30"]

1. Nf3 Nf6 2. c4 e6 3. e3 b6 4. g3 Bb7 5. Bg2 c5 6. O-O Be7 7. b3 O-O 8. Bb2 d5 9. Qe2 Nc6 10. d3 Qc7 11. Nc3 Rad8 12. Rfd1 Rfe8 13. Rac1 Qb8 14. cxd5 exd5 15. d4 cxd4 16. Nxd4 Nxd4 17. exd4 Bf8 18. Qd3 g6 19. Re1 Bh6 20. Rcd1 Rxe1+ 21. Rxe1 Re8 22. Re2 Bg7 23. Bc1 Qc8 24. Bd2 Ne4 25. Nxd5 Ba6 26. Qxe4 Rxe4 27. Rxe4 Qc2 28. Re8+ Bf8 29. Bb4 Qb1+ 30. Re1 Qf5 31. Re8 Qb1+ 32. Re1 Qf5 33. g4 Qc8 34. Nf6+ Kg7 35. Ne8+ Kg8 36. Nf6+ Kg7 37. Ne8+ Kg8 38. Nf6+ Kg7 39. Bxf8+ 1/2-1/2

[Event "26th Abu Dhabi Master 2019"]
[Site "Abu Dhabi"]
[Date "2019.08.05"]
[Round "5.64"]
[White "Priyanka Nutakki"]
[Black "Tabada, Jobannie C."]
[Result "1-0"]
[ECO "E97"]
[WhiteElo "2293"]
[BlackElo "2216"]
[Annotator "NA"]
[PlyCount "85"]
[EventDate "2019.08.02"]
[EventType "swiss"]
[EventCountry "UAE"]
[SourceTitle "playchess.com"]
[Source "ChessBase"]
[SourceQuality "1"]
[TimeControl "5400+30"]

1. c4 Nf6 2. Nc3 g6 3. e4 d6 4. d4 Bg7 5. Nf3 O-O 6. Be2 e5 7. O-O Nc6 8. dxe5 dxe5 9. Bg5 Qxd1 10. Rfxd1 h6 11. Be3 Bg4 12. h3 Bxf3 13. Bxf3 Rfd8 14. Nd5 Ne8 15. h4 Nd4 16. Bxd4 exd4 17. h5 c6 18. Nf4 g5 19. Nd3 Nf6 20. Re1 Re8 21. Nc5 g4 22. Bd1 Re5 23. Nd3 Rg5 24. e5 Nxh5 25. Re4 f5 26. Rxd4 Re8 27. Rd7 Bxe5 28. Rxb7 Bd4 29. Rd7 c5 30. Ba4 Re4 31. Bc6 g3 32. Bxe4 fxe4 33. Re1 Nf6 34. Rd8+ Kh7 35. Rxd4 cxd4 36. Nf4 gxf2+ 37. Kxf2 Ng4+ 38. Kg1 Ne3 39. Re2 Rg4 40. Nh3 d3 41. Rxe3 d2 42. Nf2 Rf4 43. Nd1 1-0

[Event "26th Abu Dhabi Master 2019"]
[Site "Abu Dhabi"]
[Date "2019.08.05"]
[Round "5.65"]
[White "Wang, Shanshan"]
[Black "Wagh Suyog"]
[Result "0-1"]
[ECO "B92"]
[WhiteElo "2122"]
[BlackElo "2242"]
[Annotator "NA"]
[PlyCount "76"]
[EventDate "2019.08.02"]
[EventType "swiss"]
[EventCountry "UAE"]
[SourceTitle "playchess.com"]
[Source "ChessBase"]
[SourceQuality "1"]
[TimeControl "5400+30"]

1. e4 c5 2. Nf3 d6 3. d4 cxd4 4. Nxd4 Nf6 5. Nc3 a6 6. Be2 e5 7. Nf3 Be7 8. Bg5 Nbd7 9. a4 Qb6 10. Qc1 h6 11. Be3 Qc6 12. Nd2 Nc5 13. b4 Ncxe4 14. Ncxe4 Nxe4 15. b5 Qc3 16. Ra3 Qa5 17. c3 d5 18. Nxe4 dxe4 19. Ra1 O-O 20. O-O Be6 21. c4 Rfc8 22. Qc2 axb5 23. Qxe4 bxa4 24. Qxb7 Bc5 25. Bxc5 Qxc5 26. Rfc1 Ra7 27. Qb2 a3 28. Qb3 Rd8 29. Ra2 Rd6 30. h3 Rb6 31. Qc3 Bf5 32. Bd3 Rb2 33. Rc2 Rb1+ 34. Kh2 e4 35. Be2 Qxf2 36. Qe5 Qg1+ 37. Kg3 Rb3+ 38. Kh4 Rxh3+ 0-1

[Event "26th Abu Dhabi Master 2019"]
[Site "Abu Dhabi"]
[Date "2019.08.05"]
[Round "5.67"]
[White "Ammar, Sedrani"]
[Black "Aakanksha Hagawane"]
[Result "0-1"]
[ECO "A45"]
[WhiteElo "2024"]
[BlackElo "2246"]
[Annotator "NA"]
[PlyCount "108"]
[EventDate "2019.08.02"]
[EventType "swiss"]
[EventCountry "UAE"]
[SourceTitle "playchess.com"]
[Source "ChessBase"]
[SourceQuality "1"]
[TimeControl "5400+30"]

1. d4 Nf6 2. Bg5 Ne4 3. Bf4 c5 4. f3 Qa5+ 5. c3 Nf6 6. Nd2 cxd4 7. Nb3 Qd8 8. Bxb8 Rxb8 9. Qxd4 a6 10. Qa7 Qc7 11. e4 Qe5 12. Ne2 d5 13. f4 Qc7 14. e5 Nd7 15. Qe3 e6 16. Ned4 Be7 17. Bd3 b5 18. O-O Qb6 19. Kh1 O-O 20. Rae1 Re8 21. g4 Bf8 22. a3 Bb7 23. Qg3 Nc5 24. Nxc5 Bxc5 25. Qh3 Bxd4 26. cxd4 h6 27. Qe3 b4 28. g5 g6 29. gxh6 Kh7 30. axb4 Qxb4 31. f5 exf5 32. Bxf5 Qe7 33. Qg3 Rg8 34. Bd3 Bc8 35. Rf6 Rxb2 36. Ref1 Be6 37. h4 Kh8 38. Rg1 Rb3 39. Rf3 Qd8 40. Qf4 a5 41. h5 g5 42. Qg3 g4 43. Rf6 a4 44. Qe3 a3 45. Qd2 Rb2 46. Qc1 g3 47. Rg2 Qc8 48. Rc2 Rxc2 49. Bxc2 Qc3 50. h7 g2+ 51. Kg1 Qxd4+ 52. Rf2 Qxf2+ 53. Kxf2 g1=Q+ 54. Qxg1 Rxg1 0-1

[Event "26th Abu Dhabi Master 2019"]
[Site "Abu Dhabi"]
[Date "2019.08.05"]
[Round "5.68"]
[White "Ayyad, Husain"]
[Black "Mrudul Dehankar"]
[Result "1-0"]
[ECO "B01"]
[WhiteElo "2231"]
[BlackElo "2074"]
[Annotator "NA"]
[PlyCount "126"]
[EventDate "2019.08.02"]
[EventType "swiss"]
[EventCountry "UAE"]
[SourceTitle "playchess.com"]
[Source "ChessBase"]
[SourceQuality "1"]
[TimeControl "5400+30"]

1. e4 d5 2. exd5 Nf6 3. d4 Bg4 4. Be2 Bxe2 5. Qxe2 Qxd5 6. Nf3 e6 7. O-O Nc6 8. Rd1 O-O-O 9. c4 Qh5 10. Bf4 Rg8 11. Nc3 g5 12. Bg3 g4 13. Ne5 Nxd4 14. Qe3 Bc5 15. Qf4 Qf5 16. Nxf7 Qxf4 17. Bxf4 Rdf8 18. Ne5 Nf5 19. Nd3 Bd6 20. Re1 Re8 21. c5 Bxf4 22. Nxf4 Nd4 23. Rad1 e5 24. Nfd5 Nxd5 25. Nxd5 Rgf8 26. Re4 h5 27. Rde1 Nc6 28. Ne3 Rd8 29. Nc4 Rd5 30. Nxe5 Re8 31. f4 gxf3 32. Nxf3 Rxe4 33. Rxe4 Rxc5 34. Kf2 Kd7 35. Re2 Ne7 36. h3 Ng6 37. g4 hxg4 38. hxg4 a5 39. Kg3 b5 40. Rd2+ Ke7 41. Nd4 Kf6 42. Rf2+ Ke5 43. Nb3 Rc4 44. Nxa5 Ra4 45. Nc6+ Ke6 46. b3 Re4 47. Re2 Rxe2 48. Nd4+ Ke5 49. Nxe2 c5 50. Kf3 Kd5 51. Nc3+ Kc6 52. Ke4 b4 53. Nd5 Kd6 54. Nf4 Ne7 55. g5 Ng8 56. Kf5 Ne7+ 57. Kf6 Ng8+ 58. Kf7 Ne7 59. Nd3 Nf5 60. g6 Kd5 61. g7 Kd4 62. Nb2 Kc3 63. Na4+ Kd4 1-0

[Event "26th Abu Dhabi Master 2019"]
[Site "Abu Dhabi"]
[Date "2019.08.05"]
[Round "5.69"]
[White "Srihari L R"]
[Black "Arjun C Krishnamachari"]
[Result "1-0"]
[ECO "A05"]
[WhiteElo "2227"]
[BlackElo "2212"]
[Annotator "NA"]
[PlyCount "107"]
[EventDate "2019.08.02"]
[EventType "swiss"]
[EventCountry "UAE"]
[SourceTitle "playchess.com"]
[Source "ChessBase"]
[SourceQuality "1"]
[TimeControl "5400+30"]

1. Nf3 Nf6 2. g3 g6 3. b3 Bg7 4. Bb2 O-O 5. Bg2 c5 6. c4 Nc6 7. O-O d6 8. d4 Ne8 9. Qd2 cxd4 10. Nxd4 Bd7 11. e3 Kh8 12. Nc3 Qa5 13. Rad1 Nf6 14. Nde2 Rab8 15. e4 Ne5 16. Nd4 Nc6 17. Nc2 Qh5 18. f3 Bh3 19. Ne3 Bxg2 20. Kxg2 Qa5 21. Rfe1 a6 22. Ncd5 Qxd2+ 23. Rxd2 Nxd5 24. Bxg7+ Kxg7 25. exd5 Ne5 26. f4 Nd7 27. Rde2 Rfe8 28. Nc2 Kf8 29. Nd4 Rbc8 30. Kf3 Nc5 31. g4 Rc7 32. h4 Kg7 33. g5 Kf8 34. h5 Kg7 35. Rh1 Rh8 36. h6+ Kf8 37. Rhe1 Ke8 38. Ke3 Kd8 39. Kd2 Rf8 40. Kc3 Re8 41. Re3 Nd7 42. a4 Nb6 43. Kb4 Nd7 44. a5 Nc5 45. Kc3 Nd7 46. b4 Rc8 47. R3e2 b5 48. axb6 Nxb6 49. Nc6+ Rxc6 50. dxc6 e6 51. Ra2 Kc7 52. Rxa6 Kxc6 53. Ra7 Rf8 54. b5+ {[%emt 0:00:07] Kd5} 1-0

[Event "26th Abu Dhabi Master 2019"]
[Site "Abu Dhabi"]
[Date "2019.08.05"]
[Round "5.70"]
[White "Soham Datar"]
[Black "Ajay Karthikeyan"]
[Result "1/2-1/2"]
[ECO "A45"]
[WhiteElo "2129"]
[BlackElo "2216"]
[Annotator "NA"]
[PlyCount "61"]
[EventDate "2019.08.02"]
[EventType "swiss"]
[EventCountry "UAE"]
[SourceTitle "playchess.com"]
[Source "ChessBase"]
[SourceQuality "1"]
[TimeControl "5400+30"]

1. d4 Nf6 2. g3 c5 3. Nf3 cxd4 4. Nxd4 d5 5. Bg2 e5 6. Nb3 h6 7. O-O Nc6 8. Nc3 Be6 9. Na4 Bd6 10. Nac5 Qe7 11. Nxe6 Qxe6 12. c4 dxc4 13. Nd2 O-O 14. Qa4 Nd4 15. Qxc4 Qxc4 16. Nxc4 Nxe2+ 17. Kh1 Bc5 18. Bxb7 Rab8 19. Bg2 Bd4 20. Be3 Rfc8 21. Bxd4 exd4 22. b3 Nc3 23. Ne5 Rb6 24. Bf3 g6 25. Kg2 Kg7 26. Rac1 Re8 27. Nc4 Ra6 28. a4 Rb8 29. Nd2 Nd7 30. Rfe1 Re6 31. Bg4 1/2-1/2

[Event "26th Abu Dhabi Master 2019"]
[Site "Abu Dhabi"]
[Date "2019.08.05"]
[Round "5.71"]
[White "Haase, Pavel"]
[Black "Asaka, Samuel"]
[Result "0-1"]
[ECO "A01"]
[WhiteElo "2160"]
[BlackElo "2201"]
[Annotator "NA"]
[PlyCount "68"]
[EventDate "2019.08.02"]
[EventType "swiss"]
[EventCountry "UAE"]
[SourceTitle "playchess.com"]
[Source "ChessBase"]
[SourceQuality "1"]
[TimeControl "5400+30"]

1. b3 e5 2. Bb2 Nc6 3. e3 d5 4. Bb5 Bd6 5. Nf3 Qe7 6. d4 e4 7. Ne5 Qg5 8. Nxc6 Qxg2 9. Ne5+ c6 10. Rf1 cxb5 11. Qe2 a6 12. Nc3 Ne7 13. O-O-O O-O 14. Rg1 Qh3 15. f4 exf3 16. Qxf3 Qxf3 17. Nxf3 Bf5 18. Rd2 Rac8 19. Rdg2 Rc7 20. e4 Bg6 21. e5 Bb4 22. Nd1 Be4 23. Rf2 f6 24. c3 fxe5 25. Nxe5 Rxf2 26. Nxf2 Bxc3 27. Bxc3 Rxc3+ 28. Kd1 Nc6 29. Nxe4 dxe4 30. Re1 Nxe5 31. dxe5 e3 32. Ke2 Kf7 33. Kf3 Ke6 34. Ke4 Rc5 0-1

[Event "26th Abu Dhabi Master 2019"]
[Site "Abu Dhabi"]
[Date "2019.08.05"]
[Round "5.72"]
[White "Priyanka, K."]
[Black "Srihari L"]
[Result "1-0"]
[ECO "B32"]
[WhiteElo "2201"]
[BlackElo "2101"]
[Annotator "NA"]
[PlyCount "47"]
[EventDate "2019.08.02"]
[EventType "swiss"]
[EventCountry "UAE"]
[SourceTitle "playchess.com"]
[Source "ChessBase"]
[SourceQuality "1"]
[TimeControl "5400+30"]

1. e4 c5 2. Nf3 Nc6 3. d4 cxd4 4. Nxd4 e5 5. Nb5 a6 6. Nd6+ Bxd6 7. Qxd6 Qf6 8. Qd1 Qg6 9. Nc3 d5 10. Nxd5 Qxe4+ 11. Ne3 Be6 12. Bd3 Qh4 13. c3 O-O-O 14. Qe2 Nge7 15. g3 Qf6 16. Ng4 Bxg4 17. Qxg4+ Kb8 18. Bg5 Qd6 19. O-O-O h5 20. Qa4 Qc7 21. Qb3 f6 22. Be3 Na5 23. Qb6 Nd5 24. Qa7+ 1-0

[Event "26th Abu Dhabi Master 2019"]
[Site "Abu Dhabi"]
[Date "2019.08.05"]
[Round "5.73"]
[White "Adnan, Habib"]
[Black "Thrish Karthik"]
[Result "1-0"]
[ECO "A05"]
[WhiteElo "2197"]
[BlackElo "2075"]
[Annotator "NA"]
[PlyCount "95"]
[EventDate "2019.08.02"]
[EventType "swiss"]
[EventCountry "UAE"]
[SourceTitle "playchess.com"]
[Source "ChessBase"]
[SourceQuality "1"]
[TimeControl "5400+30"]

1. Nf3 Nf6 2. g3 d5 3. Bg2 Bg4 4. b3 Nbd7 5. Bb2 Bxf3 6. Bxf3 e5 7. d3 c6 8. Nd2 Bd6 9. O-O h5 10. e4 d4 11. c3 c5 12. Nc4 Be7 13. cxd4 cxd4 14. a4 Qb8 15. Bg2 Nb6 16. Nd2 a5 17. Nb1 h4 18. Na3 Ra6 19. Nb5 Nbd7 20. Rc1 Rc6 21. h3 Nh5 22. Bf3 Ndf6 23. Kg2 hxg3 24. fxg3 Qc8 25. Rh1 Qd8 26. Na7 Rxc1 27. Bxc1 g6 28. Nb5 Ng7 29. Qc2 Ne6 30. Bd2 Nh5 31. Bg4 Nhg7 32. Rc1 f5 33. exf5 gxf5 34. Bf3 Bc5 35. Re1 Qf6 36. Nc7+ Kf8 37. Nd5 Qg6 38. Rxe5 Nh5 39. Bxh5 Qxh5 40. h4 Rg8 41. Nf6 Rxg3+ 42. Kxg3 Qg6+ 43. Kf3 Qg1 44. Rxe6 Qh1+ 45. Ke2 Qg2+ 46. Kd1 Qf3+ 47. Re2 Qf1+ 48. Be1 1-0

[Event "26th Abu Dhabi Master 2019"]
[Site "Abu Dhabi"]
[Date "2019.08.05"]
[Round "5.74"]
[White "Davainis, Marius"]
[Black "Krzywda, Andrzej"]
[Result "0-1"]
[ECO "A05"]
[WhiteElo "2105"]
[BlackElo "2190"]
[Annotator "NA"]
[PlyCount "100"]
[EventDate "2019.08.02"]
[EventType "swiss"]
[EventCountry "UAE"]
[SourceTitle "playchess.com"]
[Source "ChessBase"]
[SourceQuality "1"]
[TimeControl "5400+30"]

1. Nf3 Nf6 2. b4 e6 3. a3 d5 4. Bb2 a5 5. b5 Nbd7 6. d4 Nb6 7. e3 Bd6 8. Bd3 O-O 9. O-O Na4 10. Bc1 c5 11. c4 Nb6 12. Nbd2 cxd4 13. exd4 dxc4 14. Nxc4 Nxc4 15. Bxc4 Qc7 16. Qe2 b6 17. Bb2 Bb7 18. Ne5 Nd5 19. Rfc1 Qe7 20. Qg4 f5 21. Qg3 f4 22. Qh3 Bxe5 23. dxe5 f3 24. g3 Rad8 25. a4 Rf5 26. Ba3 Qg5 27. Bxd5 Bxd5 28. Bd6 Re8 29. Rc3 Qd2 30. Rac1 h6 31. Qf1 Qd4 32. Qd1 Qg4 33. Bc7 Rh5 34. Qf1 Rh3 35. Kh1 Rf8 36. Bxb6 Rf5 37. Rc8+ Kh7 38. Bd8 Qxg3 39. Qg1 Qg2+ 40. Qxg2 fxg2+ 41. Kg1 Rfh5 42. f3 Rxh2 43. Bb6 Bxf3 44. R8c3 Bd5 45. Be3 Rh1+ 46. Kf2 Rf5+ 47. Ke2 Rff1 48. Kd2 g1=Q 49. Bxg1 Rhxg1 50. Rxf1 Rxf1 0-1

[Event "26th Abu Dhabi Master 2019"]
[Site "Abu Dhabi"]
[Date "2019.08.07"]
[Round "6.5"]
[White "Yakubboev, Nodirbek"]
[Black "Indjic, Aleksandar"]
[Result "1-0"]
[ECO "E11"]
[WhiteElo "2575"]
[BlackElo "2604"]
[Annotator "ChessBase"]
[PlyCount "97"]
[EventDate "2019.08.02"]
[EventType "swiss"]
[EventCountry "UAE"]
[SourceTitle "playchess.com"]
[Source "ChessBase"]
[SourceQuality "1"]
[TimeControl "5400+30"]

1. d4 Nf6 2. c4 e6 3. Nf3 Bb4+ 4. Bd2 a5 5. g3 b6 6. Bg2 Bb7 7. O-O Bxd2 8. Qxd2 O-O 9. Qf4 Nh5 10. Qh4 Qxh4 11. Nxh4 Bxg2 12. Kxg2 Nc6 13. Nf3 Nf6 14. Nc3 d6 15. Rfd1 a4 16. d5 Na5 17. Nd2 Rfc8 18. b3 Nb7 19. dxe6 fxe6 20. Nxa4 Rxa4 21. bxa4 Ra8 22. a5 Nxa5 23. Rdc1 Nd7 24. Nb3 Kf7 25. Nxa5 Rxa5 26. a4 Ke7 27. f4 g6 28. Rc3 h5 29. Rb3 Rc5 30. Rb4 e5 31. Kf3 Ke6 32. e3 Kf6 33. Ke4 Ra5 34. Rb5 Ra7 35. Kd5 Ke7 36. a5 Nf6+ 37. Kc6 Nd7 38. Rbb1 bxa5 39. Rb7 Rxb7 40. Kxb7 c5 41. Rxa5 Ke6 42. Kc6 Nf6 43. Ra8 Ng4 44. Rd8 e4 45. Rxd6+ Kf7 46. Kxc5 Nxe3 47. Rd4 Nf1 48. Rxe4 Nxh2 49. Re3 1-0

[Event "26th Abu Dhabi Master 2019"]
[Site "Abu Dhabi"]
[Date "2019.08.07"]
[Round "6.6"]
[White "Yilmaz, Mustafa"]
[Black "Aleksandrov, Aleksej"]
[Result "1/2-1/2"]
[ECO "D38"]
[WhiteElo "2618"]
[BlackElo "2571"]
[Annotator "ChessBase"]
[PlyCount "127"]
[EventDate "2019.08.02"]
[EventType "swiss"]
[EventCountry "UAE"]
[SourceTitle "playchess.com"]
[Source "ChessBase"]
[SourceQuality "1"]
[TimeControl "5400+30"]

1. d4 Nf6 2. c4 e6 3. Nf3 d5 4. Nc3 Bb4 5. cxd5 exd5 6. Bg5 h6 7. Bh4 Bf5 8. e3 Nbd7 9. Be2 c6 10. O-O Bd6 11. Bg3 Bxg3 12. hxg3 Qe7 13. Bd3 Bxd3 14. Qxd3 O-O 15. Nd2 Rfe8 16. Rae1 Qd6 17. e4 dxe4 18. Ndxe4 Nxe4 19. Nxe4 Qd5 20. Nc3 Qh5 21. Qf3 Qxf3 22. gxf3 Nf6 23. Rxe8+ Rxe8 24. Rd1 Kf8 25. Kf1 h5 26. f4 g6 27. d5 cxd5 28. Nxd5 Rd8 29. Nc3 Rxd1+ 30. Nxd1 Nd5 31. Ke2 Ke7 32. Kf3 Kd6 33. Ke4 f5+ 34. Kd4 h4 35. gxh4 Nxf4 36. Nc3 a6 37. Ke3 Ke5 38. Na4 Nd5+ 39. Kd3 Nf4+ 40. Ke3 Ne6 41. Nb6 f4+ 42. Kd3 Nc5+ 43. Ke2 Ke4 44. f3+ Kd4 45. Nc8 Nd3 46. Ne7 Ne5 47. Ng8 a5 48. Nf6 a4 49. h5 gxh5 50. Nxh5 Nd3 51. Kd2 b5 52. Ng7 Nxb2 53. Ne6+ Ke5 54. Nc7 b4 55. Na6 Nc4+ 56. Kc2 Ne3+ 57. Kd3 Nd5 58. Nc5 b3 59. axb3 a3 60. b4 Nxb4+ 61. Kc3 a2 62. Nb3 Nc6 63. Kb2 Kd5 64. Nc1 1/2-1/2

[Event "26th Abu Dhabi Master 2019"]
[Site "Abu Dhabi"]
[Date "2019.08.07"]
[Round "6.9"]
[White "Sanal, Vahap"]
[Black "Esipenko, Andrey"]
[Result "0-1"]
[ECO "A28"]
[WhiteElo "2520"]
[BlackElo "2621"]
[Annotator "ChessBase"]
[PlyCount "66"]
[EventDate "2019.08.02"]
[EventType "swiss"]
[EventCountry "UAE"]
[SourceTitle "playchess.com"]
[Source "ChessBase"]
[SourceQuality "1"]
[TimeControl "5400+30"]

1. c4 e5 2. Nc3 Nf6 3. Nf3 Nc6 4. e3 Bb4 5. Qc2 Bxc3 6. bxc3 d6 7. e4 O-O 8. g3 a6 9. a4 Nd7 10. Bg2 Nc5 11. Nh4 Na5 12. d3 Nab3 13. Rb1 Nxc1 14. Rxc1 Qf6 15. O-O g5 16. Nf3 Bg4 17. Ne1 a5 18. f4 gxf4 19. gxf4 exf4 20. d4 Ne6 21. Qd2 Rae8 22. Rb1 b6 23. h3 Bh5 24. Rb5 Qg6 25. Rf5 Qh6 26. Rb5 Bg6 27. Kh1 Kh8 28. e5 c6 29. Rxb6 dxe5 30. dxe5 Bf5 31. Kh2 Rg8 32. Nf3 Rxg2+ 33. Kxg2 Bxh3+ 0-1